 Dungeon Crawl Stone Soup version 0.19.1 (webtiles) character file.

1234 Firecrotchwizard the Cleaver (level 8, 0/73 HPs)
             Began as a Hill Orc Berserker on Dec 22, 2016.
             Was a Priest of Trog.
             Slain by a hell rat (1 damage)
             ... on level 5 of the Dungeon.
             The game lasted 00:09:31 (6079 turns).

Firecrotchwizard the Cleaver (Hill Orc Berserker)   Turns: 6079, Time: 00:09:32

Health: 0/73       AC: 10    Str: 20    XL:     8   Next: 48%
Magic:  8/8        EV: 10    Int:  7    God:    Trog [***...]
Gold:   244        SH:  0    Dex: 12    Spells: 0 memorised, 7 levels left

rFire  . . .     SeeInvis .     a - +0 hand axe
rCold  . . .     Gourm    .     k - +0 chain mail
rNeg   . . .     Faith    .     (no shield)
rPois  .         Spirit   .     (no helmet)
rElec  .         Reflect  .     u - +0 cloak
rCorr  .         Harm     .     (no gloves)
MR     +....                    (no boots)
Stlth  ..........               (no amulet)
                                s - +2 ring of evasion
                                g - ring of protection from magic

@: exhausted, slowed, heavily drained, very slow
A: no striking features
a: Berserk, Trog's Hand, Burn Spellbooks, Renounce Religion


You were on level 5 of the Dungeon.
You worshipped Trog.
Trog was most pleased with you.
You were hungry.

You visited 1 branch of the dungeon, and saw 5 of its levels.

You collected 244 gold pieces.

Inventory:

Hand Weapons
 a - a +0 hand axe (weapon)
Missiles
 m - 8 javelins of returning (quivered)
Armour
 b - a +0 animal skin
 k - a +0 chain mail (worn)
 t - a +2 large shield
 u - a +0 cloak (worn)
Jewellery
 g - a ring of protection from magic (left hand)
 s - a +2 ring of evasion (right hand)
Wands
 r - a wand of paralysis (13/24)
Scrolls
 d - a scroll of recharging {unknown}
 e - 5 scrolls of identify {unknown}
 l - 3 scrolls of magic mapping {unknown}
 p - a scroll of remove curse {unknown}
 q - a scroll of immolation {unknown}
 v - a scroll of teleportation {unknown}
Potions
 f - a potion of curing {unknown}
 h - a potion of flight {unknown}
 i - 4 potions of lignification {unknown}
 n - 2 potions of agility {unknown}
 o - a potion of invisibility {unknown}
Comestibles
 c - 6 bread rations
 j - 3 meat rations


   Skills:
 * Level 7.5(6.0) Fighting
 * Level 8.6(7.1) Axes
 + Level 4.9(3.5) Armour
 + Level 3.3(1.9) Dodging
 + Level 1.9(0.6) Shields


You had 7 spell levels left.
You didn't know any spells.

Dungeon Overview and Level Annotations

Branches:
Dungeon (5/15)
 Temple: D:4-7

Altars:
Cheibriados

Shops:
D:4 [**


Message History

The river rat moves out of view.
The hell rat closely misses you.
The hell rat bites you but does no damage.
You hit the hell rat.
The hell rat is moderately wounded.
The hell rat bites you!
* * * LOW HITPOINT WARNING * * *
The hell rat barely misses you.
You hit the hell rat.
The hell rat is heavily wounded.
The river rat twitches its whiskers.
The hell rat misses you.
You closely miss the hell rat.
The hell rat is heavily wounded.
The hell rat bites you but does no damage. x2
You hit the hell rat.
The hell rat is almost dead.
The hell rat bites you.
* * * LOW HITPOINT WARNING * * *
You feel drained.
You die...

####.... #.... ###.# .
###...# r# #...... rr
##.#.### #r #####.......
#..##r#######.#....#.###
#.rrr@.##..#.###.#.#
#...###..##### #....
#.#. #### #.###. #. #..
.. #. #.. # # #.#


You could see a hell rat, a river rat and 6 rats.

Vanquished Creatures
  A hippogriff (D:5)
  Sigmund (D:2)
  An ice beast (D:5)
  2 phantoms (D:4)
  2 ogres (D:4)
  A crimson imp (D:5)
  3 hounds
  An orc priest (D:4)
  2 orc wizards (D:4)
  2 worker ants
  3 hell rats (D:5)
  5 adders
  2 river rats (D:5)
  An ooze (D:3)
  An adder zombie (D:5)
  5 worms
  5 dart slugs
  3 leopard geckos
  2 orcs (D:4)
  5 bats
  3 giant cockroaches
  5 goblins
  8 hobgoblins
  5 jackals
  2 quokkas (D:3)
  6 frilled lizards
  6 kobolds
  10 rats
93 creatures vanquished.

Notes
Turn   | Place    | Note
-------+----------+-------------------------------------------
     0 | D:1      | Firecrotchwizard the Hill Orc Berserker began the quest for the Orb.
     0 | D:1      | Reached XP level 1. HP: 19/19 MP: 1/1
   488 | D:1      | Reached XP level 2. HP: 24/27 MP: 2/2
  1505 | D:2      | Reached XP level 3. HP: 25/33 MP: 3/3
  1959 | D:2      | Reached ** piety under Trog
  2116 | D:2      | Reached skill level 5 in Axes
  2438 | D:2      | Noticed Sigmund
  2438 | D:2      | Reached XP level 4. HP: 38/40 MP: 4/4
  2449 | D:2      | Killed Sigmund
  2449 | D:2      | Reached skill level 5 in Fighting
  2449 | D:2      | Reached skill level 6 in Axes
  2449 | D:2      | Reached XP level 5. HP: 16/48 MP: 5/5
  3222 | D:3      | Reached XP level 6. HP: 52/56 MP: 6/6
  3924 | D:4      | Noticed a phantom
  3957 | D:4      | Killed a phantom
  4028 | D:4      | Reached XP level 7. HP: 62/62 MP: 7/7
  4325 | D:4      | Found Leliuxal's Armour Emporium.
  4344 | D:4      | Found Pojum's Assorted Antiques.
  4389 | D:4      | Reached skill level 7 in Axes
  4530 | D:4      | Found Rimowkig's Assorted Antiques.
  5490 | D:5      | Entered Level 5 of the Dungeon
  5500 | D:5      | Found a snail-covered altar of Cheibriados.
  5652 | D:5      | Reached skill level 8 in Axes
  5708 | D:5      | Reached XP level 8. HP: 71/71 MP: 8/8
  5750 | D:5      | Noticed a hippogriff
  5761 | D:5      | Killed a hippogriff
  5761 | D:5      | Reached skill level 1 in Shields
  6063 | D:5      | Reached *** piety under Trog
  6076 | D:5      | HP: 3/73 [hell rat (9)]
  6079 | D:5      | HP: 1/73 [hell rat (3)]
  6079 | D:5      | Slain by a hell rat

Skill      XL: |  1  2  3  4  5  6  7  8 |
---------------+-------------------------+-----
Fighting       | 4 5 6 7 |  7.5
Axes           | 5 6 8 |  8.6
Armour         | 3 4 |  4.9
Dodging        | 2 3 |  3.3
Shields        | 1 |  1.9

Action                   |  1- 3 |  4- 6 |  7- 9 || total
-------------------------+-------+-------+-------++-------
Melee: Hand axe          |   162 |   137 |   246 ||   545
Throw: Javelin           |       |     4 |       ||     4
Invok: Berserk           |       |       |     3 ||     3
       Trog's Hand       |       |       |     1 ||     1
  Eat: Beef jerky        |     1 |       |       ||     1
       Chunk             |     3 |     4 |     6 ||    13
       Meat ration       |       |       |     1 ||     1
Armor: Animal skin       |    22 |       |       ||    22
       Chain mail        |    33 |    60 |    91 ||   184
Dodge: Dodged            |    82 |    62 |    53 ||   197
Block: Large shield      |       |       |    68 ||    68
